 Dungeon Crawl Stone Soup version 0.30-a0-629-gd54f4be4f7 (webtiles) character file.

Game seed: 7344658073182669780

429 kae the Changer (level 6, -1/43 HPs)
             Began as a Demonspawn Transmuter on Jan 12, 2023.
             Slain by a gnoll
             ... wielding a +0 flail
             ... led by a gnoll bouda
              (11 damage)
             ... on level 5 of the Dungeon.
             The game lasted 00:04:16 (3909 turns).

kae the Changer (Demonspawn Transmuter)             Turns: 3909, Time: 00:04:17

Health: -1/43      AC:  2    Str: 10    XL:     6   Next: 66%
Magic:  6/11       EV: 19    Int: 16    God:
Gold:   243        SH:  0    Dex: 19    Spells: 1/11 levels left

rFire   . . .      SeeInvis .      - Unarmed
rCold   . . .      Faith    .    (shield currently unavailable)
rNeg    . . .      Spirit   .    (body armour currently unavailable)
rPois   x          Reflect  .    (helmet currently unavailable)
rElec   .          Harm     .    (cloak currently unavailable)
rCorr   .          Rampage  .    (gloves currently unavailable)
Will    .....                    (boots currently unavailable)
Stlth   ++                       (no amulet)
HPRegen 0.27/turn                (no ring)
MPRegen 0.24/turn                (no ring)

@: spider-form, weakened, wereblooded (expiring)
A: venomous fangs, tiny, (hooves 1), powered by pain 1, magic regeneration
a: End Transformation


You were on level 5 of the Dungeon.
You were a venomous arachnid creature.
You visited 1 branch of the dungeon, and saw 5 of its levels.
You also visited: Sewer.

You collected 243 gold pieces.


Innate Abilities, Weirdness & Mutations

You are a venomous arachnid creature.
You have venomous fangs.
You are tiny and dextrous.
Your spellcasting is less reliable in this form.
Your armour is entirely melded.
You are incapable of wielding weapons or throwing items.
((You have large cloven feet.))
You sometimes gain a little power by taking damage.
You regenerate magic rapidly.


   Skills:
 - Level 1.0 Fighting
 - Level 1.7 Dodging
 + Level 3.9 Unarmed Combat
 + Level 3.3 Spellcasting
 * Level 4.5 Transmutations
 * Level 1.2 Ice Magic
 - Level 1.7 Poison Magic


You had one spell level left.
You knew the following spells:

 Your Spells              Type           Power      Damage    Failure   Level
a - Beastly Appendage     Tmut           34%        N/A       10%         1
b - Wereblood             Tmut           17%        N/A       13%         2
c - Spider Form           Tmut/Pois      12%        N/A       34%         3
d - Ice Form              Ice/Tmut       12%        N/A       69%         4

Your spell library contained the following spells:

 Spells                   Type           Power      Damage    Failure   Level
 Apportation              Tloc           4%         N/A       38%         1
 Poisonous Vapours        Pois/Air       10%        N/A       38%         2
 Cigotuvi's Dreadful Rot  Necr/Pois/Air  8%         N/A       43%         2
 Mephitic Cloud           Conj/Pois/Air  4%         N/A       63%         3
 Alistair's Intoxication  Tmut/Pois      8%         N/A       92%         5

Inventory:

Hand Weapons
 d - a +3 whip of draining (melded)
   (You took it off a kobold on level 1 of the Dungeon)
Missiles
 c - 49 stones
 i - 16 poisoned darts
Armour
 a - a +1 robe (melded)
 g - the +1 ring mail of Kaacvof {rPois rCorr Str+7 Stlth-}
   (You found it on level 3 of the Dungeon)

   Str:       It affects your strength (+7).
   rPois:     It protects you from poison.
   rCorr:     It protects you from acid and corrosion.
   Stlth:     It makes you less stealthy.
 j - a +2 pair of gloves (melded)
   (You found it on level 1 of the Dungeon)
Scrolls
 e - a scroll of enchant armour
 f - a scroll of identify {@r1}
 k - a scroll of poison {!r}
 o - a scroll of fog
Potions
 b - 2 potions of heal wounds {@q2}
 h - a potion of might
 l - 2 potions of curing {@q1}
 m - a potion of degeneration {!q}
 n - a potion of flight
 p - a potion of mutation {!q}
 q - a potion of cancellation

Dungeon Overview and Level Annotations

Branches:
Dungeon (5/15) Zot: 26718   Sewer (visited)
 Temple: D:4-7

Altars:
Dithmenos
Yredelemnul

Shops:
D:1

! #.. #.. ... #.#
[.. #.### #)..#
#g#.#.###
#sg.....#
#.###.#####.#
#............
#####.#####.#
#<.........#
#.......##.#######
........+.........
........##.#######
...#######.#


You could see a gnoll bouda (poisoned) and a gnoll (swift).


Message History

Casting: Spider Form (quite dangerous; 34% risk of failure)
Confirm with . or Enter, or press ? or * to list all spells.
You miscast Wereblood.
You are very lightly contaminated with residual magic.
Nothing appears to happen. 😎 MP[-1]
You lost 1 mp, and now have 7/11 mp.
Casting: Wereblood (safe; 13% risk of failure)
Confirm with . or Enter, or press ? or * to list all spells.
Your blood is infused with primal strength. 😎 MP[-2]
You lost 2 mp, and now have 5/11 mp.
A gnoll comes into view. It is wielding a +0 spear.
The gnoll misses you.
You barely miss the gnoll.
The gnoll shouts!
You hear a shout! x2
You hit the gnoll.
The gnoll is poisoned.
The gnoll hits you but does no damage.
A gnoll bouda comes into view. It is wielding a +0 whip. 😎 MP[+1]
You hit the gnoll but do no damage.
The gnoll looks as sick as possible!
The gnoll barely misses you.
You hit the gnoll.
The gnoll looks as sick as possible!
Your transformation is almost over.
The gnoll misses you.
Your magical contamination has completely faded away.
You hit the gnoll.
You kill the gnoll!
You hiss as the wereblood boils in your veins!
A gnoll comes into view. It is wielding a +0 flail. 😎 MP[+1]
The gnoll barely misses you.
The gnoll bouda barks out a call to the hunt!
The gnolls pick up the pace!
Things that are here:
a +0 club; a gnoll corpse You hiss as the wereblood boils in your veins!
The gnoll barely misses you.
You bite the gnoll!
The gnoll is poisoned.
The gnoll hits you with a +0 spear.
The gnoll bouda calls upon its god to heal the gnoll.
The gnoll is healed somewhat. 😕 HP[-2]
You take 2 damage, and now have 41/43 hp.
You hit the gnoll but do no damage.
The gnoll looks as sick as possible!
The gnoll hits you with a +0 spear! The gnoll bouda misses you. 😮 HP[-9]
You take 9 damage, and now have 32/43 hp.
MASSIVE DAMAGE!! (PAUSE)
You hit the gnoll bouda.
The gnoll bouda is poisoned.
The gnoll hits you with a +0 spear!
The gnoll bouda misses you. 😮 HP[-7] MP[+1]
You take 7 damage, and now have 25/43 hp.
You hit the gnoll but do no damage.
The gnoll looks as sick as possible!
You feel a bit better.
You kill the gnoll!
The gnoll bouda hits you with a +0 whip!
* * * LOW HITPOINT WARNING * * *
You hit the gnoll bouda.
Your transformation has ended.
Your +3 whip of draining unmelds from your body.
Your +2 pair of gloves unmelds from your body.
Your +1 robe unmelds from your body.
You sense an unholy aura.
The gnoll bouda closely misses you.
The gnoll hits you but does no damage. 😨 HP[-5]
You take 5 damage, and now have 20/43 hp.
The gnoll bouda attacks as you move away!
The gnoll bouda hits you with a +0 whip.
* * * LOW HITPOINT WARNING * * *
The gnoll attacks as you move away! The gnoll misses you.
Things that are here:
a +0 club; a gnoll corpse; 😨 HP[-3]
You take 3 damage, and now have 17/43 hp.
Casting: Wereblood (safe; 4% risk of failure)
Confirm with . or Enter, or press ? or * to list all spells.
You turn into a venomous arachnid creature.
Your +3 whip of draining melds into your body.
Your +2 pair of gloves melds into your body.
Your +1 robe melds into your body.
The gnoll bouda gazes fiercely through you!
You feel your attacks grow feeble. The gnoll misses you.
The gnoll bouda hits you with a +0 whip.
* * * LOW HITPOINT WARNING * * *
😨 HP[-1] MP[-2]
You take 1 damage, and now have 16/43 hp.
You lost 2 mp, and now have 6/11 mp.
You hit the gnoll bouda but do no damage.
You hiss as the wereblood boils in your veins!
The gnoll completely misses you. The gnoll bouda barely misses you.
You hit the gnoll bouda.
Your primal bloodlust is almost over.
The gnoll closely misses you.
The gnoll bouda gazes fiercely through you!
You feel as though you will be weak longer.
The gnoll bouda hits you with a +0 whip!
* * * LOW HITPOINT WARNING * * *
😱 HP[-7]
You take 7 damage, and now have 9/43 hp.
You barely miss the gnoll bouda. The gnoll hits you with a +0 flail!
You die...

Skill      XL: |  1  2  3  4  5  6 |
---------------+-------------------+-----
Transmutations | 2 3 4 |  4.5
Unarmed Combat | 3 |  3.9
Poison Magic   | 1 |  1.7
Spellcasting   | 3 |  3.3
Ice Magic      | 1 |  1.2
Fighting       | |  1.0
Dodging        | |  1.7

Action                   |  1- 3 |  4- 6 || total
-------------------------+-------+-------++-------
Melee: Whip              |    82 |   241 ||   323
       Unarmed           |     6 |    30 ||    36
       Kick              |     4 |     4 ||     8
       Headbutt          |     1 |     1 ||     2
       Punch             |       |     3 ||     3
 Cast: Beastly Appendage |     9 |     2 ||    11
       Spider Form       |       |     5 ||     5
       Wereblood         |       |     1 ||     1
  Use: Scroll            |     4 |    10 ||    14
       Potion            |       |     1 ||     1
 Stab: Sleeping          |     2 |     1 ||     3
Armor: Robe              |    36 |   104 ||   140
       Skin              |       |    27 ||    27
Dodge: Dodged            |    57 |   202 ||   259

Levels and vault maps discovered:
D:1:      lemuel_arrival_behind_the_door_small, layout_loops_cross,
          serial_shops, shop_statue
D:2:      layout_loops_cross
D:3:      layout_loops_ring, mainiacjoe_overflow_tiny_flanked,
          gup_sewer_entry_pipe, minmay_cupped
D:4:      kennysheep_spiral_hall, layout_cave_pools, kennysheep_ying_yang
D:5:      layout_basic

Notes
Turn   | Place    | Note
-------+----------+-------------------------------------------
     0 | D:1      | kae the Demonspawn Transmuter began the quest for the Orb.
     0 | D:1      | Reached XP level 1. HP: 15/15 MP: 3/3
     0 | D:1      | magus.rc [v1.11.3]
    35 | D:1      | Reached skill level 2 in Transmutations
    79 | D:1      | Found Rochod's Distillery.
   123 | D:1      | Gained mutation: You regenerate magic rapidly. [demonic
                  | ancestry]
   123 | D:1      | Reached XP level 2. HP: 20/20 MP: 3/5
   567 | D:1      | You pick up a book of Party Tricks and begin reading...
   567 | D:1      | You add the spells Apportation and Alistair's Intoxication
                  | to your library.
   798 | D:1      | Reached skill level 3 in Unarmed Combat
   798 | D:1      | Gained mutation: You sometimes gain a little power by
                  | taking damage. [demonic ancestry]
   798 | D:1      | Reached XP level 3. HP: 23/25 MP: 6/6
  1297 | D:2      | Learned a level 2 spell: Wereblood
  1301 | D:2      | Learned a level 3 spell: Spider Form
  1434 | D:3      | Reached skill level 3 in Transmutations
  1447 | D:3      | Found a shadowy altar of Dithmenos.
  1492 | D:3      | Reached XP level 4. HP: 31/32 MP: 7/7
  1835 | D:3      | Found a glowing drain.
  1870 | D:3      | Reached skill level 1 in Poison Magic
  1877 | Sewer    | Entered a sewer
  1935 | Sewer    | Noticed a kobold brigand
  1954 | Sewer    | Killed a kobold brigand
  1955 | Sewer    | Reached XP level 5. HP: 25/37 MP: 7/9
  2186 | Sewer    | Reached skill level 3 in Spellcasting
  2312 | Sewer    | Reached skill level 4 in Transmutations
  2893 | D:3      | You pick up a book of Vapours and begin reading...
  2893 | D:3      | You add the spells Poisonous Vapours, Cigotuvi's Dreadful
                  | Rot and Mephitic Cloud to your library.
  3069 | D:3      | Identified the +1 ring mail of Kaacvof {rPois rCorr Str+7
                  | Stlth-}
  3108 | D:4      | Gained mutation: You have large cloven feet. [demonic
                  | ancestry]
  3108 | D:4      | Reached XP level 6. HP: 29/43 MP: 10/10
  3395 | D:4      | Found a basalt altar of Yredelemnul.
  3516 | D:4      | Learned a level 4 spell: Ice Form
  3775 | D:4      | Reached skill level 1 in Ice Magic
  3878 | D:5      | Entered Level 5 of the Dungeon
  3908 | D:5      | HP: 9/43 [gnoll bouda/+0 whip (7)]
  3909 | D:5      | Slain by a gnoll

Vanquished Creatures
  A kobold brigand (Sewer)
  A scorpion (D:4)
  A hound (D:4)
  An iguana (D:4)
  3 gnolls
  4 river rats (Sewer)
  7 adders
  3 worms
  2 dart slugs (D:4)
  An orc (D:3)
  6 ball pythons
  8 endoplasms
  7 giant cockroaches
  5 hobgoblins
  2 jackals (D:4)
  10 quokkas
  8 bats
  2 frilled lizards
  4 goblins
  24 kobolds
  20 rats
120 creatures vanquished.

Table legend:
 A = Non-vault XP
 B = Vault XP
 C = Vault XP percentage of total XP
 D = Non-vault monster count
 E = Vault monster count
 F = Vault count percentage of total count
                 A         B        C        D         E       F
            +---------+---------+-------+---------+---------+-------
      Total |     302 |     311 |  50.7 |      65 |      55 |  45.8
            +---------+---------+-------+---------+---------+-------
        D:1 |      47 |       0 |   0.0 |      21 |       0 |   0.0
        D:2 |      31 |       0 |   0.0 |      13 |       0 |   0.0
        D:3 |      61 |      21 |  25.6 |      13 |       9 |  40.9
        D:4 |     135 |      86 |  38.9 |      16 |       4 |  20.0
        D:5 |      28 |       0 |   0.0 |       2 |       0 |   0.0
      Sewer |       0 |     204 | 100.0 |       0 |      42 | 100.0
            +---------+---------+-------+---------+---------+-------

Illustrated notes

Table legend:
 A = Kills in this place as a percentage of kills in entire the game.
 B = Kills by you in this place as a percentage of kills by you in the entire game.
 C = Kills by friends in this place as a percentage of kills by friends in the entire game.
 D = Other kills in this place as a percentage of other kills in the entire game.
 E = Experience gained in this place as a percentage of experience gained in the entire game.
 F = Experience gained in this place divided by the number of levels of this place that you have seen.
                   A       B       C       D       E      F
               +-------+-------+-------+-------+-------+----------------------
         Total | 100.0 | 100.0 |   N/A |   N/A | 100.0 | 102.2
       Dungeon |  65.0 |  65.0 |   N/A |   N/A |  66.7 |  81.8
         Sewer |  35.0 |  35.0 |   N/A |   N/A |  33.3 | 204.0
               +-------+-------+-------+-------+-------+----------------------

Table legend: (Time is in decaauts)
 A = Elapsed time spent in this place.
 B = Non-inter-level travel time spent in this place.
 C = Inter-level travel time spent in this place.
 D = Time resting spent in this place.
 E = Time spent auto-exploring this place.
 F = Levels seen in this place.
 G = Mean time per level.
                   A        B        C        D        E       F      G
               +--------+--------+--------+--------+--------+-----+--------+
         Total |   3955 |   3876 |     79 |    151 |   2737 |   6 |  659.2 |
       Dungeon |   3280 |   3201 |     79 |    144 |   2316 |   5 |  656.0 |
         Sewer |    675 |    675 |      0 |      7 |    421 |   1 |  675.0 |
               +--------+--------+--------+--------+--------+-----+--------+

Top non-repeatable levels by time:
     D:3: 1035 daAuts
     D:1: 824 daAuts
     D:4: 783 daAuts
   Sewer: 675 daAuts
     D:2: 607 daAuts
     D:5: 30 daAuts
